 Dungeon Crawl Stone Soup version 0.29.1-1-gd02db6906a (webtiles) character file.

Game seed: 3504344839955069992

60 RogueRain17 the Ruffian (level 3, -8/27 HPs)
             Began as a Demonspawn Gladiator on Sept 18, 2022.
             Mangled by Terence
             ... wielding a +0 flail
              (9 damage)
             ... on level 3 of the Dungeon.
             The game lasted 00:02:31 (2224 turns).

RogueRain17 the Ruffian (Demonspawn Gladiator)      Turns: 2224, Time: 00:02:31

Health: -8/27      AC:  7    Str: 16    XL:     3   Next: 82%
Magic:  3/3        EV: 12    Int:  9    God:
Gold:   124        SH:  0    Dex: 14    Spells: 2/2 levels left

rFire   . . .      SeeInvis .     - Unarmed
rCold   . . .      Faith    .   (no shield)
rNeg    . . .      Spirit   .   a - +0 leather armour
rPois   .          Reflect  .   b - +0 helmet
rElec   .          Harm     .   m - +0 cloak
rCorr   .          Rampage  .   (no gloves)
Will    .....                   i - +0 pair of boots
Stlth   +.........              (no amulet)
HPRegen 0.09/turn               (no ring)
MPRegen 0.08/turn               (no ring)

@: no status effects
A: rugged brown scales 1, demonic magic 1
a: no special abilities


You were on level 3 of the Dungeon.
You visited 1 branch of the dungeon, and saw 3 of its levels.

You collected 124 gold pieces.

Inventory:

Missiles
 c - 3 throwing nets (quivered)
 d - 4 javelins
Armour
 a - a +0 leather armour (worn)
 b - a +0 helmet (worn)
 i - a +0 pair of boots (worn)
 m - a +0 cloak (worn)
Jewellery
 l - a ring of protection from cold
Scrolls
 f - 5 scrolls of identify {unknown}
 j - 3 scrolls of poison {unknown}
 k - a scroll of acquirement {unknown}
Potions
 e - a potion of mutation {unknown}
 g - 2 potions of brilliance {unknown}
 h - 2 potions of curing


   Skills:
 - Level 2.0 Fighting
 - Level 1.8 Throwing
 + Level 3.3 Dodging
 * Level 3.9 Unarmed Combat


You had 2 spell levels left.
You didn't know any spells.
Your spell library contained the following spells:

 Spells                   Type           Power      Damage    Failure   Level
 Hailstorm                Conj/Ice       0%         3d3       99%         4
 Ice Form                 Ice/Tmut       0%         N/A       99%         4
 Simulacrum               Ice/Necr       0%         N/A       100%        6


Dungeon Overview and Level Annotations

Branches:
Dungeon (3/15)

Altars:

Annotations:
D:3 Terence


Innate Abilities, Weirdness & Mutations

You are partially covered in rugged brown scales. (AC +1, +3% HP)
Spells you cast may paralyse adjacent enemies.


Message History

* * * LOW HITPOINT WARNING * * *
Okay, then.
You feel better. Terence misses you.
You hit Terence but do no damage.
Terence is heavily wounded.
Terence misses you.
You barely miss Terence.
Terence is heavily wounded.
Terence hits you with a +0 flail.
You hit Terence but do no damage.
Terence is heavily wounded.
Terence closely misses you.
You hit Terence but do no damage.
Terence is heavily wounded.
Terence hits you with a +0 flail.
You hit Terence but do no damage.
Terence is heavily wounded.
Terence closely misses you.
You hit Terence but do no damage.
Terence is heavily wounded.
Terence hits you with a +0 flail.
* * * LOW HITPOINT WARNING * * *
You hit Terence. Your punch misses Terence.
Terence is heavily wounded.
Terence completely misses you.
A kobold comes into view. It is wielding a +0 short sword.
The kobold shouts!
You hit Terence.
Terence is heavily wounded.
Terence hits you with a +0 flail.
* * * LOW HITPOINT WARNING * * *
You hit Terence but do no damage.
Terence is heavily wounded.
An ufetubus comes into view.
Terence completely misses you.
You barely miss Terence.
Terence is heavily wounded.
The ufetubus shouts!
Terence hits you with a +0 flail!
You die...

?.!......
##.......##
#...5.....##
#.........(#
...........#
...........#
..K........#
#.....@<#
##...@.##
####.## #.
#. ##


You could see Terence, an ufetubus and a kobold.

Vanquished Creatures
  2 adders (D:2)
  A worm (D:2)
  A dart slug (D:1)
  5 ball pythons
  3 endoplasms
  5 giant cockroaches
  3 goblins
  A hobgoblin (D:1)
  2 jackals (D:1)
  3 quokkas
  2 frilled lizards (D:1)
  3 kobolds
  2 rats (D:1)
33 creatures vanquished.

Notes
Turn   | Place    | Note
-------+----------+-------------------------------------------
     0 | D:1      | RogueRain17 the Demonspawn Gladiator began the quest for
                  | the Orb.
     0 | D:1      | Reached XP level 1. HP: 16/16 MP: 1/1
   395 | D:1      | Gained mutation: You are partially covered in rugged brown
                  | scales. (AC +1, +3% HP) [demonic ancestry]
   395 | D:1      | Reached XP level 2. HP: 16/22 MP: 2/2
   724 | D:1      | Found a faded altar of an unknown god.
  1103 | D:2      | Gained mutation: Spells you cast may paralyse adjacent
                  | enemies. [demonic ancestry]
  1103 | D:2      | Reached XP level 3. HP: 27/27 MP: 3/3
  2191 | D:3      | Noticed Terence
  2222 | D:3      | HP: 1/27 [Terence/+0 flail (6)]
  2224 | D:3      | Mangled by Terence

Illustrated notes

Levels and vault maps discovered:
D:1:      tarquinn_simple_flora_water_c, layout_loops_corners,
          dreamdust_ecumenical_altar_angels_and_demons
D:2:      layout_basic
D:3:      layout_rooms, uniq_terence, uniq_natasha

Skill      XL: |  1  2 |
---------------+-------+-----
Unarmed Combat | 3 |  3.9
Dodging        | 3 |  3.3
Fighting       | |  2.0
Throwing       | |  1.8

Action                   || total
-------------------------++-------
Melee: Unarmed           ||   133
       Punch             ||     4
  Use: Potion            ||     2
 Stab: Sleeping          ||     3
Armor: Leather armour    ||    18
Dodge: Dodged            ||    80
